 Dungeon Crawl Stone Soup version 0.23-a0-78-gc252fe1 (webtiles) character file.

860 Amnesiac the Magician (level 7, 0/46 HPs)
             Began as a Mummy Air Elementalist on Aug 10, 2018.
             Was a Follower of Vehumet.
             Slain by a killer bee (4 damage)
             ... on level 6 of the Dungeon.
             The game lasted 00:08:21 (4713 turns).

Amnesiac the Magician (Mummy Air Elementalist)      Turns: 4713, Time: 00:08:22

Health: 0/46       AC:  4    Str: 11      XL:     7   Next: 71%
Magic:  2/16       EV: 14    Int: 19      God:    Vehumet [*.....]
Gold:   202        SH:  0    Dex: 12 (13) Spells: 14/19 levels left

rFire    x . .     SeeInvis .   a - +1 dagger (venom)
rCold    + . .     Gourm    .   (no shield)
rNeg     + + +     Faith    .   o - +0 robe
rPois    ∞         Spirit   .   f - +1 helmet
rElec    .         Reflect  .   (no cloak)
rCorr    .         Harm     .   (no gloves)
MR       .....                  (no boots)
Stlth    ++........             (no amulet)
HPRegen  0.15/turn              b - +3 ring of intelligence
MPRegen  0.15/turn              n - +2 ring of evasion

@: about to teleport, very slightly contaminated
A: no food or potions, fire vulnerability, cold resistance 1, negative energy
resistance 3, torment resistance, unbreathing
a: Renounce Religion


You were on level 6 of the Dungeon.
You worshipped Vehumet.
Vehumet was aware of your devotion.
You were not hungry.

You visited 1 branch of the dungeon, and saw 6 of its levels.

You collected 251 gold pieces.
You spent 49 gold pieces at shops.

Inventory:

Hand Weapons
 a - a +1 dagger of venom (weapon)
Armour
 f - a +1 helmet (worn)
 o - a +0 robe (worn)
Jewellery
 b - a +3 ring of intelligence (left hand)
 n - a +2 ring of evasion (right hand)
Wands
 k - a wand of flame (8)
Scrolls
 c - a scroll of enchant armour {!r}
 e - a scroll of fog {!r}
 i - a scroll of magic mapping {!r}
 m - 2 scrolls of remove curse {!r}


   Skills:
 - Level 1.5 Dodging
 - Level 1.5 Stealth
 + Level 6.5 Spellcasting
 - Level 0.7 Conjurations
 * Level 6.5 Air Magic


You had 14 spell levels left.
You knew the following spells:

 Your Spells              Type           Power        Failure   Level  Hunger
a - Airstrike             Air            ####......   8%          4    N/A
d - Shock                 Conj/Air       ###.         2%          1    N/A

Your spell library contained the following spells:

 Spells                   Type           Power        Failure   Level  Hunger
 Lightning Bolt           Conj/Air       ###.......   54%         5    N/A
 Swiftness                Chrm/Air       ###.....     4%          2    N/A
 Static Discharge         Conj/Air       ###.....     7%          3    N/A

Dungeon Overview and Level Annotations

Branches:
Dungeon (6/15)
 Temple: D:4-7

Altars:
Dithmenos
Okawaru
Vehumet

Shops:
D:4 *


Innate Abilities, Weirdness & Mutations

You do not eat or drink.
Your flesh is vulnerable to fire.
You are immune to poison.
Your flesh is cold resistant. (rC+)
You are immune to negative energy. (rN+++)
You are immune to unholy pain and torment.
You can survive without breathing.


Message History

The killer bee stings you.
The killer bee stings you but does no damage.
Evoke which item? (* to show all) (? for menu, Esc to quit)
Aiming: Throw Flame
Press: ? - help, Shift-Dir - straight line, f/p - killer bee
Aim: a killer bee (almost dead)
The puff of flame hits the killer bee.
The killer bee is moderately wounded.
The killer bee barely misses you. The killer bee stings you.
Evoke which item? (* to show all) (? for menu, Esc to quit)
Aiming: Throw Flame
Press: ? - help, Shift-Dir - straight line, f/p - killer bee
Aim: a killer bee (almost dead)
The puff of flame hits the killer bee.
The killer bee is heavily wounded.
The killer bee stings you. The killer bee barely misses you.
Evoke which item? (* to show all) (? for menu, Esc to quit)
Aiming: Throw Flame
Press: ? - help, Shift-Dir - straight line, f/p - killer bee
Aim: a killer bee (almost dead)
The puff of flame misses the killer bee. x3
The killer bee misses you. x2
Evoke which item? (* to show all) (? for menu, Esc to quit)
Aiming: Throw Flame
Press: ? - help, Shift-Dir - straight line, f/p - killer bee
Aim: a killer bee (almost dead)
The puff of flame hits the killer bee.
The killer bee is almost dead.
The killer bee stings you. x2
* * * LOW HITPOINT WARNING * * *
Evoke which item? (* to show all) (? for menu, Esc to quit)
Aiming: Throw Flame
Press: ? - help, Shift-Dir - straight line, f/p - killer bee
Aim: a killer bee (almost dead)
The puff of flame hits the killer bee.
You kill the killer bee!
Vehumet accepts your kill. The killer bee completely misses you.
The killer bee barely misses you.
Evoke which item? (* to show all) (? for menu, Esc to quit)
Aiming: Throw Flame
Press: ? - help, Shift-Dir - straight line, f/p - killer bee
Aim: a killer bee (severely wounded)
The puff of flame hits the killer bee.
The killer bee is almost dead.
The killer bee stings you!
* * * LOW HITPOINT WARNING * * *
The killer bee closely misses you.
Evoke which item? (* to show all) (? for menu, Esc to quit)
Aiming: Throw Flame
Press: ? - help, Shift-Dir - straight line, f/p - killer bee
Aim: a killer bee (almost dead)
The puff of flame misses the killer bee. x2
The killer bee stings you.
* * * LOW HITPOINT WARNING * * *
The killer bee misses you.
Really read
d - a scroll of teleportation {!r}?
As you read the scroll of teleportation {!r}, it crumbles to dust.
You feel strangely unstable. The killer bee stings you.
* * * LOW HITPOINT WARNING * * *
The killer bee stings you.
* * * LOW HITPOINT WARNING * * *
The killer bee closely misses you. The killer bee stings you.
You die...

##.# #...................
##.###...................
.....#.#####.###.........
####.#.# #.## ##.####...
[.##.#(# #.# #.# #.##.#.#
#.## ##.### .......#
#..###.... #.##.###
#†......# .....#
####'####@.# ######
#≈≈≈.≈≈≈#y.# #
#≈≈...≈≈#Z## #
#≈.)≈..≈#†# # +..≈≈≈..'y#
#≈..≈..≈#....#
#≈≈...≈≈#.#.....
#≈≈≈.≈≈≈#.......
####+####.#.<##.


You could see 2 killer bees and a quokka skeleton.

Vanquished Creatures
  A black bear (D:6)
  An ogre (D:4)
  A big kobold (D:4)
  A bullfrog (D:6)
  A killer bee (D:6)
  A jelly (D:5)
  A hound (D:5)
  An orc priest (D:4)
  An orc wizard (D:5)
  A centaur skeleton (D:4)
  5 worker ants
  A hound skeleton (D:6)
  A worker ant zombie (D:5)
  6 adders
  6 gnolls
  An adder skeleton (D:4)
  2 worms
  2 dart slugs
  3 leopard geckos
  10 orcs
  A ball python (D:1)
  4 giant cockroaches
  7 goblins
  6 hobgoblins
  6 jackals
  3 quokkas
  A ball python zombie (D:6)
  11 bats
  6 frilled lizards
  11 kobolds
  A leopard gecko skeleton (D:4)
  8 rats
112 creatures vanquished.

Notes
Turn   | Place    | Note
-------+----------+-------------------------------------------
     0 | D:1      | Amnesiac the Mummy Air Elementalist began the quest for the Orb.
     0 | D:1      | Reached XP level 1. HP: 13/13 MP: 4/4
   179 | D:2      | Reached XP level 2. HP: 14/19 MP: 1/5
   235 | D:3      | Found an iron altar of Okawaru.
   594 | D:5      | Entered Level 5 of the Dungeon
   697 | D:4      | Reached XP level 3. HP: 24/24 MP: 5/7
   971 | D:4      | Reached XP level 4. HP: 7/30 MP: 2/9
   977 | D:4      | Learned a level 4 spell: Airstrike
  1519 | D:4      | Noticed an ogre
  1538 | D:4      | Killed an ogre
  1538 | D:4      | Reached XP level 5. HP: 35/35 MP: 6/11
  1554 | D:4      | Found Mevvah's Merry Market.
  1605 | D:4      | Bought a scroll of magic mapping for 49 gold pieces
  1717 | D:4      | Reached XP level 6. HP: 36/41 MP: 6/13
  1800 | D:4      | Reached skill level 5 in Spellcasting
  1800 | D:4      | Reached skill level 5 in Air Magic
  2196 | D:5      | Found a radiant altar of Vehumet.
  2207 | D:5      | Became a worshipper of Vehumet
  3085 | D:2      | Reached * piety under Vehumet
  3085 | D:2      | Offered knowledge of Sting by Vehumet.
  3144 | D:2      | Reached XP level 7. HP: 40/46 MP: 11/15
  3838 | D:3      | Found a shadowy altar of Dithmenos.
  4538 | D:6      | Got a heavily runed ring mail
  4561 | D:6      | Identified the cursed +0 ring mail "Igeippi" {*Contam Str+6} (You found it on level 6 of the Dungeon)
  4713 | D:6      | Slain by a killer bee

Vault maps used:
D:1:      minmay_arrival_checkered_box
D:2:      kennysheep_generic_room_13
D:3:      marbit_many_paths, okawaru_ov_weapons_minmay, first_ration
D:4:      nicolae_alphabet_shops
D:5:      vehumet_altar_wand_db
D:6:      gammafunk_temple_overflow_claw, minmay_temple_entry_statues_pillars,
          serial_shops, kennysheep_mini, kennysheep_generic_room_8

Skill      XL: |  1  2  3  4  5  6  7 |
---------------+----------------------+-----
Spellcasting   | 3 4 5 6 |  6.5
Air Magic      | 3 4 5 6 |  6.5
Dodging        | |  1.5
Stealth        | |  1.5
Conjurations   | |  0.7

Action                   |  1- 3 |  4- 6 |  7- 9 || total
-------------------------+-------+-------+-------++-------
Melee: Unarmed           |     9 |       |       ||     9
       Short sword       |    11 |       |       ||    11
 Cast: Shock             |    55 |   134 |    70 ||   259
       Airstrike         |       |       |     1 ||     1
Evoke: Wand              |       |       |     8 ||     8
  Use: Scroll            |       |       |     9 ||     9
Armor: Robe              |    17 |     7 |     2 ||    26
Dodge: Dodged            |    45 |    23 |    34 ||   102

Table legend:
 A = Non-vault XP
 B = Vault XP
 C = Vault XP percentage of total XP
 D = Non-vault monster count
 E = Vault monster count
 F = Vault count percentage of total count
 G = Total turns spent on level
                 A         B        C        D         E       F
            +---------+---------+-------+---------+---------+-------
      Total |    1223 |       6 |   0.5 |     109 |       3 |   2.7
            +---------+---------+-------+---------+---------+-------
        D:1 |      35 |       0 |   0.0 |      22 |       0 |   0.0
        D:2 |      92 |       2 |   2.1 |      24 |       1 |   4.0
        D:3 |      52 |       2 |   3.7 |      19 |       1 |   5.0
        D:4 |     477 |       0 |   0.0 |      26 |       0 |   0.0
        D:5 |     208 |       2 |   1.0 |       9 |       1 |  10.0
        D:6 |     359 |       0 |   0.0 |       9 |       0 |   0.0
            +---------+---------+-------+---------+---------+-------
